cohdb
Replays
Latest Replays
All Replays
Popular Replays
Top Player Replays
Match Explorer
How It Works
Community
CoH3 Stats
Reddit
Sign in to upload your games and track your stats! →
Sign in with Steam
Match 43246501
Unlisted
Match 43246501
Overview
Messages
Build Orders
End
Kradschützen Motorcycle Team
Selects Italian Combined Arms Battlegroup
Selects Bersaglieri Squad
Bersaglieri Squad
Bersaglieri Squad
Construct Light Support Kompanie
Bersaglieri Squad
Selects Bersaglieri Bolster
MG34 Team
Construct Mechanized Kompanie
8 Rad Armored Car
Vehicle Survival Package
Selects Breda Model 30 Light Machine Guns
2.5-tonne Medical Truck
Panzerpioneer Squad
Support Armor Elements
StuG III D Assault Gun
Marder III Tank Destroyer
Selects Semovente da 75/18 Assault Gun
StuG III D Assault Gun
Panzerjäger Mechanized Group
Marder III Tank Destroyer
^3
Spaghetti
0
0
Comments
sign in to comment!
No comments posted yet!